 Dungeon Crawl Stone Soup version 0.32-a0-995-gb4a59205af (webtiles) character file.

Game seed: 15845025411067534920

2237 protoss039 the Trooper (level 9, -5/71 HPs)
             Began as a Demonspawn Earth Elementalist on Apr 22, 2024.
             Killed from afar by an acid dragon (21 damage)
             ... with a splash of acid
             ... on level 7 of the Dungeon.
             The game lasted 00:08:10 (6402 turns).

protoss039 the Trooper (DsEE)                       Turns: 6402, Time: 00:08:11

Health: -5/71      AC:  4    Str:  8    XL:     9   Next: 14%
Magic:  0/18       EV: 11    Int: 19    God:
Gold:   381        SH:  9    Dex: 15    Spells: 13/20 levels left

rFire   . . .        o - +1 dagger (venom)
rCold   . . .        b - +0 buckler
rNeg    . . .        a - +0 robe
rPois   .            f - +0 helmet
rElec   .            (no cloak)
rCorr   .            h - +0 pair of gloves
SInv    .            (no boots)
Will    .....        s - amulet of reflection
Stlth   ++           (no ring)
HPRegen 0.31/turn    (no ring)
MPRegen 0.32/turn

%: reflection, guardian spirit
@: no status effects
A: claws 1, magic shield, magic regeneration
a: no special abilities


You were on level 7 of the Dungeon.
You visited 1 branch of the dungeon, and saw 7 of its levels.

You collected 381 gold pieces.

Inventory:

Hand Weapons
 o - a +1 dagger of venom (weapon)
 u - a +2 hand axe of flaming
Armour
 a - a +0 robe (worn)
 b - a +0 buckler (worn)
 f - a +0 helmet (worn)
 h - a +0 pair of gloves (worn)
 A - +0 acid dragon scales
Jewellery
 s - an amulet of reflection (around neck)
Wands
 t - a wand of mindburst (8)
 y - a wand of paralysis (3)
 z - a wand of roots (8)
Scrolls
 c - a scroll of torment
 d - a scroll of identify
 g - 2 scrolls of fog
 j - a scroll of teleportation
 m - 2 scrolls of poison
 n - a scroll of butterflies
 q - a scroll of vulnerability {unknown}
 v - a scroll of noise {unknown}
 w - a scroll of enchant weapon {unknown}
 x - a scroll of blinking {unknown}
Potions
 e - a potion of heal wounds
 i - a potion of resistance {unknown}
 k - a potion of mutation {unknown}
 l - a potion of attraction {unknown}
 p - a potion of degeneration {unknown}
 r - 2 potions of curing


   Skills:
 + Level 6.7 Fighting
 - Level 3.0 Dodging
 - Level 1.7 Stealth
 + Level 6.2 Spellcasting
 - Level 3.0 Conjurations
 + Level 6.5 Earth Magic


You had 13 spell levels left.
You knew the following spells:

 Your Spells              Type           Power      Damage    Failure   Level
a - Sandblast             Erth           60%        2d14      1%          1
b - Passwall              Erth           30%        N/A       3%          3
c - Stone Arrow           Conj/Erth      48%        3d10      8%          3

Your spell library contained the following spells:

 Spells                   Type           Power      Damage    Failure   Level
 Necrotise                Necr           20%        1d5       19%         1
 Brom's Barrelling Bould  Conj/Erth      24%        2d5       24%         4
 Sublimation of Blood     Necr           5%         N/A       26%         2
 Petrify                  Alch/Erth      18%        N/A       41%         4
 Tukima's Dance           Hex            5%         N/A       47%         3
 Vampiric Draining        Necr           5%         2d6       47%         3
 Martyr's Knell           Necr/Summ      5%         N/A       87%         4
 Passage of Golubria      Tloc           5%         N/A       87%         4
 Curse of Agony           Necr           5%         N/A       99%         5
 Yara's Violent Unravell  Hex/Alch       2%         3d3       99%         5
 Rimeblight               Ice/Necr       2%         2d3       (prima100%   7


Dungeon Overview and Level Annotations

Branches:
Dungeon (7/15) Zot: 26438
 Temple: D:4-7

Altars:
Hepliaklqana
Yredelemnul

Shops:
D:1 =   D:5 [   D:6 =

Annotations:
D:3 3 runed translucent doors, Tanttac's ghost, amateur DrFE


Innate Abilities, Weirdness & Mutations

You have sharp fingernails.
When hurt, damage is shared between your health and your magic reserves.
You regenerate magic rapidly.


Message History

The ball of steam hits you!
A scorpion comes into view.
A two-headed ogre comes into view.
It is wielding a +0 giant club and a +0 giant spiked club.
You hear a roar!
You hear a shout! x2
Casting: Sandblast (safe; 1% risk of failure)
Confirm with . or Enter, or press ? or * to list all spells.
Aiming: Stone Arrow (dangerous; 8% risk of failure)
Press: ? - help, Shift-Dir - straight line, f/p - steam dragon
Aim: a steam dragon (steam, moderately wounded, catching its breath, 71% to hit)
The stone arrow misses the steam dragon.
You are engulfed in a cloud of scalding steam.
The steam dragon bites you. The steam dragon closely misses you.
You are engulfed in a cloud of scalding steam.
* * * LOW HITPOINT WARNING * * *
There is an open door here.
Unknown command.
Casting: Stone Arrow (dangerous; 8% risk of failure)
Confirm with . or Enter, or press ? or * to list all spells.
Aiming: Sandblast (safe; 1% risk of failure)
Press: ? - help, Shift-Dir - straight line, f/p - steam dragon
Aim: a steam dragon (steam, moderately wounded, 84% to hit)
The blast of sand hits the steam dragon!
The steam dragon is severely wounded.
You are engulfed in a cloud of scalding steam.
* * * LOW HITPOINT WARNING * * *
A gnoll comes into view. It is wielding a +0 club.
The steam dragon barely misses you. You block the steam dragon's attack.
Unknown command.
Casting: Sandblast (safe; 1% risk of failure)
Confirm with . or Enter, or press ? or * to list all spells.
Aiming: Sandblast (safe; 1% risk of failure)
Press: ? - help, Shift-Dir - straight line, f/p - steam dragon
Aim: a steam dragon (severely wounded, 84% to hit)
The blast of sand hits the steam dragon!
You kill the steam dragon!
The steam dragon scales are intact enough to wear.
An acid dragon comes into view.
The acid dragon spits acid at you. The splash of acid hits you!!
You die...

###################
...................
#....######'#####.
#....# #ß.ß# #....#
#ß)ß##### #....#
#ß.ß#.#.# #....#
+..g'.†## .....#
##ß##...# ....##
######@## ....#
#[†# ....# #$.#
##### #§)# D§##
h### ⌠. s. O##


You could see an acid dragon (catching breath) and a gnoll.

Vanquished Creatures
  Eustachio (D:5)
  A steam dragon (D:7)
  A water moccasin (D:7)
  An acid dragon (D:7)
  2 sky beasts
  A black bear (D:4)
  An ogre (D:5)
  A centaur (D:7)
  Blork the orc (D:5)
  A kobold brigand (D:7)
  2 bullfrogs
  2 scorpions (D:5)
  A wight (D:7)
  2 bombardier beetles
  7 hounds
  A jelly (D:4)
  6 orc priests
  3 sleepcaps
  Jessica (D:2)
  4 orc wizards
  5 iguanas
  4 adders
  3 gnolls (D:4)
  2 ufetubi (D:4)
  A dart slug (D:4)
  22 orcs
  4 ball pythons
  7 bats
  8 endoplasms
  2 giant cockroaches
  5 goblins
  6 hobgoblins
  6 quokkas
  5 frilled lizards
  11 kobolds
  8 rats
139 creatures vanquished.

Vanquished Creatures (others)
  A kobold (D:7)
1 creature vanquished.

Grand Total: 140 creatures vanquished

Notes
Turn   | Place    | Note
-------+----------+-------------------------------------------
     0 | D:1      | protoss039 the Demonspawn Earth Elementalist began the
                  | quest for the Orb.
     0 | D:1      | Reached XP level 1. HP: 13/13 MP: 3/3
   316 | D:1      | Gained mutation: You regenerate magic rapidly. [demonic
                  | ancestry]
   316 | D:1      | Reached XP level 2. HP: 20/20 MP: 3/5
   374 | D:1      | Reached skill level 1 in Fighting
   384 | D:1      | Found Qoff's Jewellery Shoppe.
   470 | D:1      | Found a faded altar of an unknown god.
   847 | D:2      | Reached XP level 3. HP: 26/26 MP: 3/6
  1122 | D:2      | Noticed Jessica
  1129 | D:2      | Killed Jessica
  1130 | D:2      | Gained mutation: You have sharp fingernails. [demonic
                  | ancestry]
  1130 | D:2      | Reached XP level 4. HP: 27/33 MP: 4/8
  1423 | D:3      | Found a runed translucent gate.
  1423 | D:3      | Found a runed translucent gate.
  1423 | D:3      | Found a runed translucent gate.
  1424 | D:3      | Noticed Tanttac's ghost (amateur DrFE)
  2064 | D:3      | Learned a level 3 spell: Passwall
  2068 | D:3      | Learned a level 3 spell: Stone Arrow
  2299 | D:4      | Noticed a black bear
  2310 | D:4      | Killed a black bear
  2311 | D:4      | Reached XP level 5. HP: 4/39 MP: 3/9
  2656 | D:4      | Reached XP level 6. HP: 42/47 MP: 3/11
  3533 | D:5      | Entered Level 5 of the Dungeon
  3536 | D:5      | Reached XP level 7. HP: 52/52 MP: 5/12
  3678 | D:5      | Found Xamumn's Antique Armour Shoppe.
  3703 | D:5      | Noticed Blork the orc
  3710 | D:5      | Killed Blork the orc
  3763 | D:5      | Found a basalt altar of Yredelemnul.
  4395 | D:5      | Found a hazy altar of Hepliaklqana.
  4576 | D:5      | Reached skill level 5 in Earth Magic
  4936 | D:5      | Noticed Eustachio
  4942 | D:5      | Killed Eustachio
  4943 | D:5      | Reached skill level 5 in Fighting
  4943 | D:5      | Gained mutation: When hurt, damage is shared between your
                  | health and your magic reserves. [demonic ancestry]
  4943 | D:5      | Reached XP level 8. HP: 62/62 MP: 1/15
  5205 | D:6      | Reached skill level 5 in Spellcasting
  5743 | D:6      | Found Qaitz's Jewellery Emporium.
  6285 | D:7      | Reached XP level 9. HP: 70/71 MP: 10/18
  6398 | D:7      | Noticed a two-headed ogre
  6402 | D:7      | Killed from afar by an acid dragon

Illustrated notes

Levels and vault maps discovered:
D:1:      minmay_arrival_plants_in_alcoves, layout_basic,
          dreamdust_ecumenical_altar_grove, serial_shops, shop
D:2:      layout_basic, uniq_jessica
D:3:      minmay_bubble_buster, layout_basic, gammafunk_ghost_split
D:4:      layout_loops_corners
D:5:      layout_loops_corners, nicolae_hepliaklqana_hazy_memory,
          kennysheep_ying_yang, serial_shops, shop, grunt_ministairs_6,
          corexii_checkpoint, uniq_eustachio, uniq_blork_the_orc
D:6:      layout_rooms, minmay_shop_enchanted_jewellery
D:7:      minmay_chambers_of_sevens, layout_basic, minmay_temple_entry_slanted,
          serial_shops, nicolae_book_shop_shelving, wad_floor_pattern_untrapped

Skill      XL: |  1  2  3  4  5  6  7  8 |
---------------+-------------------------+-----
Fighting       | 1 2 3 5 6 |  6.7
Earth Magic    | 3 4 5 6 |  6.5
Spellcasting   | 3 4 6 |  6.2
Dodging        | 2 3 |  3.0
Conjurations   | 2 3 |  3.0
Stealth        | |  1.7

Action                     |  1- 3 |  4- 6 |  7- 9 || total
---------------------------+-------+-------+-------++-------
  Melee: Unarmed           |     6 |       |       ||     6
         Dagger            |    20 |    83 |    36 ||   139
         Short sword       |     2 |       |       ||     2
   Cast: Sandblast         |    33 |    44 |    51 ||   128
         Stone Arrow       |       |    12 |    67 ||    79
    Use: Scroll            |       |     4 |     3 ||     7
         Potion            |       |     1 |     2 ||     3
   Stab: Sleeping          |     3 |     5 |       ||     8
 Armour: Robe              |    29 |    80 |    90 ||   199
  Dodge: Dodged            |    18 |    67 |    52 ||   137
  Block: Other             |       |       |    16 ||    16
         Reflection        |       |       |     4 ||     4
         Buckler           |       |       |    15 ||    15

Table legend: (Time is in decaauts)
 A = Elapsed time spent in this place.
 B = Non-inter-level travel time spent in this place.
 C = Inter-level travel time spent in this place.
 D = Time resting spent in this place.
 E = Time spent auto-exploring this place.
 F = Levels seen in this place.
 G = Mean time per level.
                   A        B        C        D        E       F      G
               +--------+--------+--------+--------+--------+-----+--------+
         Total |   6462 |   6202 |    260 |    720 |   4571 |   7 |  923.1 |
       Dungeon |   6462 |   6202 |    260 |    720 |   4571 |   7 |  923.1 |
               +--------+--------+--------+--------+--------+-----+--------+

Top non-repeatable levels by time:
     D:5: 1617 daAuts
     D:4: 1429 daAuts
     D:3: 802 daAuts
     D:1: 717 daAuts
     D:6: 716 daAuts
     D:2: 619 daAuts
     D:7: 559 daAuts
